 Dungeon Crawl Stone Soup version 0.19-a0-14-gde87d98 (webtiles) character file.

56 Grenyer the Distorting Demonspawn (level 3, 29/29 HPs)
             Began as a Demonspawn Abyssal Knight on Apr 29, 2016.
             Was a Believer of Lugonu.
             Quit the game on level 2 of the Dungeon.
             The game lasted 00:04:57 (1001 turns).

Grenyer the Distorting Demonspawn (DsAK)            Turns: 1001, Time: 00:04:58

Health: 29/29      AC:  3    Str: 12    XL:     3   Next: 71%
Magic:  5/5        EV: 11    Int: 13    God:    Lugonu [**....]
Gold:   111        SH:  0    Dex: 13    Spells: 0 memorised, 2 levels left

rFire  . . .     SeeInvis +     a - +1 spear
rCold  . . .     Gourm    .     b - +0 leather armour
rNeg   . . .     Faith    .     (no shield)
rPois  +         Spirit   +     (no helmet)
rElec  .         Dismiss  .     (no cloak)
rCorr  .         Reflect  .     (no gloves)
SustAt .         Harm     .     (no boots)
MR     .....                    (no amulet)
Stlth  +.........               k - ring of see invisible
                                j - ring of poison resistance (curse)

@: not resistant to hostile enchantments, very unstealthy
A: spiny 1, magic shield
a: Depart the Abyss, Bend Space, Renounce Religion


You were on level 2 of the Dungeon.
You worshipped Lugonu.
Lugonu was pleased with you.
You were not hungry.

You visited 1 branch of the dungeon, and saw 2 of its levels.
You visited the Abyss 1 time.

You collected 111 gold pieces.

Inventory:

Hand Weapons
 a - a +1 spear (weapon)
Armour
 b - a +0 leather armour (worn)
Jewellery
 j - a cursed ring of poison resistance (left hand)
 k - a ring of see invisible (right hand)
Scrolls
 d - 3 scrolls of identify {unknown}
 e - 2 scrolls of recharging {unknown}
 f - a scroll of amnesia {unknown}
 g - 2 scrolls of remove curse {unknown}
 h - a scroll of teleportation {unknown}
Potions
 i - a potion of degeneration {unknown}
 m - a potion of brilliance {unknown}
Books
 n - a book of Summonings

   Spells                             Type                      Level
   a - Recall                         Summoning/Translocation      3
   b - Aura of Abjuration             Summoning                    5
   c - Summon Demon                   Summoning                    5
   d - Summon Forest                  Summoning/Translocation      5
   e - Summon Mana Viper              Hexes/Summoning              5
   f - Shadow Creatures               Summoning                    6
Comestibles
 c - 3 bread rations
 l - a beef jerky


   Skills:
 - Level 3.0 Fighting
 * Level 3.0 Polearms
 + Level 2.1 Armour
 + Level 1.1 Dodging
 + Level 3.3 Invocations


You had 2 spell levels left.
You didn't know any spells.

Dungeon Overview and Level Annotations

Branches:
Dungeon (2/15)

Altars:


Innate Abilities, Weirdness & Mutations

You are partially covered in sharp spines.
When hurt, damage is shared between your health and your magic reserves.


Message History

Things that are here:
a club; a ring mail; a goblin corpse You see here a bat corpse.
You butcher the bat corpse.
n - a chunk of flesh Eat a chunk of flesh? (ye/n/q/i?) This raw flesh tastes terrible.
You continue eating. x2
You see here a giant cockroach corpse.
n - a book of Summonings
d - 3 scrolls labeled DAOGOFA AFACO (gained 1) Save game and exit? [Y]es or [N]o only, please.
Save game and exit?
Okay, then.
Unknown command.
Unknown command.
Quiver which item? (- for none, * to show all) (? for menu, Esc to quit)
Okay, then.
Are you sure you want to abandon this character and quit the game? (Confirm with "yes".)

### #.. #.# ##### #.#
..... #.#.## .....##.#..##
.....(..@#...#
#######..........#...#
..............>......#
.†)..##.(.....#..#..###
####.##.......#.†#†...#
.........#### #.....#.#...
###.###### #.##)......# #
#.###########.##........
###.............##.......#


There were no monsters in sight!

Vanquished Creatures
  An adder (D:2)
  2 worms (D:2)
  A dart slug (D:1)
  2 giant geckos
  2 bats
  2 giant cockroaches (D:2)
  6 goblins
  5 hobgoblins
  A quokka (D:2)
  A ball python (D:1)
  A giant newt (D:1)
  7 kobolds
  4 rats
35 creatures vanquished.

Notes
Turn   | Place    | Note
--------------------------------------------------------------
     0 | Abyss:1  | Grenyer the Demonspawn Abyssal Knight began the quest for the Orb.
     0 | Abyss:1  | Reached XP level 1. HP: 18/18 MP: 2/2
    31 | Abyss:1  | Found a corrupted altar of Lugonu.
    31 | Abyss:1  | Noticed a starcursed mass
    32 | D:1      | Escaped the Abyss
   182 | D:1      | Reached skill level 1 in Dodging
   221 | D:1      | Reached * piety under Lugonu
   221 | D:1      | Gained mutation: You are partially covered in sharp spines. [demonic ancestry]
   221 | D:1      | Reached XP level 2. HP: 21/24 MP: 4/4
   766 | D:2      | Gained mutation: When hurt, damage is shared between your health and your magic reserves. [demonic ancestry]
   766 | D:2      | Reached XP level 3. HP: 29/29 MP: 5/5
   980 | D:2      | Reached ** piety under Lugonu
  1001 | D:2      | Quit the game

Vault maps used:
D:1:      saegor_arrival_simple_e

Skill      XL: |  1  2  3 |
---------------+----------+-----
Dodging        | 1 |  1.1
Polearms       | 2 3 |  3.0
Armour         | 2 |  2.1
Invocations    | 3 |  3.3
Fighting       | |  3.0

Action                   || total
-------------------------++-------
Melee: Spear             ||    73
Invok: Depart the Abyss  ||     1
 Stab: Sleeping          ||     1
  Eat: Chunk             ||     1
Armor: Leather armour    ||     6
Dodge: Dodged            ||    20
